 Dungeon Crawl Stone Soup version 0.30-a0-12-gd8047c6341 (webtiles) character file.

Game seed: 1834051236516361064

37825 lmSkywalker the Nimble (level 13, -8/101 HPs)
             Began as a Gnoll Arcane Marksman on Aug 22, 2022.
             Was a Believer of Yredelemnul.
             Mangled by a cyan ugly thing (14 damage)
             ... on level 11 of the Dungeon on Aug 23, 2022.
             The game lasted 02:36:13 (24700 turns).

lmSkywalker the Nimble (Gnoll Arcane Marksman)     Turns: 24700, Time: 02:36:14

Health: -8/101     AC:  0    Str: 13    XL:     13   Next: 99%
Magic:  21/26      EV: 16    Int: 19    God:    Yredelemnul [**....]
Gold:   1373       SH:  5    Dex: 14    Spells: 9/31 levels left

rFire   . . .      SeeInvis .      - Unarmed
rCold   + . .      Faith    .    (shield currently unavailable)
rNeg    . . .      Spirit   .    A - +3 leather armour {rC+}
rPois   .          Reflect  +    R - +1 hat
rElec   .          Harm     .    d - +0 cloak
rCorr   .          Rampage  .    (gloves currently unavailable)
Will    .....                    n - +0 pair of boots
Stlth   ++++......               o - amulet of reflection
HPRegen 0.26/turn                u - +6 ring of intelligence
MPRegen 0.20/turn                J - ring of wizardry

@: blade hands, corroded
A: fangs 1, strong nose, distributed training
a: End Transformation, Renounce Religion, Recall Undead Harvest, Dark Bargain


You were on level 11 of the Dungeon.
You worshipped Yredelemnul.
Yredelemnul was aware of your devotion.
You had blades for hands.
You visited 3 branches of the dungeon, and saw 17 of its levels.

You collected 1373 gold pieces.

Inventory:

Hand Weapons
 a - a +3 trident of protection
 b - a +1 sling (melded)
 g - a +1 broad axe of flaming
Missiles
 y - 3 throwing nets
 V - 2 silver boomerangs
Armour
 d - a +0 cloak (worn)
 n - a +0 pair of boots (worn)
 A - a +3 leather armour of cold resistance (worn)
 R - a +1 hat (worn)
Jewellery
 o - an amulet of reflection (around neck)
 u - a +6 ring of intelligence (left blade hand)
 E - a ring of protection from fire
 J - a ring of wizardry (right blade hand)
 O - a ring of willpower
Wands
 v - a wand of paralysis (8)
 D - a wand of mindburst (22)
 S - a wand of quicksilver (12)
 U - a wand of flame (5)
 W - a wand of digging (6)
Scrolls
 c - 2 scrolls of summoning {unknown}
 e - a scroll of torment {unknown}
 f - 2 scrolls of silence {unknown}
 h - 2 scrolls of poison
 i - 6 scrolls of teleportation
 j - 2 scrolls of butterflies {unknown}
 p - 4 scrolls of immolation
 s - a scroll of enchant armour
 w - a scroll of enchant weapon
 x - 4 scrolls of amnesia
 B - 4 scrolls of vulnerability
 G - 3 scrolls of noise
 I - 3 scrolls of blinking
 M - 3 scrolls of fear {unknown}
 Y - 2 scrolls of acquirement {unknown}
 Z - a scroll of magic mapping {unknown}
Potions
 k - 2 potions of attraction
 l - 5 potions of mutation
 m - 2 potions of brilliance
 q - a potion of resistance {unknown}
 r - 4 potions of haste
 t - a potion of might
 z - 2 potions of lignification
 H - a potion of berserk rage
 K - a potion of magic {unknown}
 L - 5 potions of curing
 N - a potion of ambrosia
 Q - 3 potions of heal wounds {unknown}
 T - a potion of cancellation {unknown}
Miscellaneous
 P - a tin of tremorstones (2/2)


   Skills:
 + Level 9.5 Fighting
 + Level 9.1 Short Blades
 + Level 9.1 Long Blades
 + Level 9.1 Axes
 + Level 9.1 Maces & Flails
 + Level 9.1 Polearms
 + Level 9.1 Staves
 + Level 10.2 Ranged Weapons
 + Level 9.1 Throwing
 + Level 9.1 Armour
 + Level 10.2 Dodging
 + Level 9.1 Stealth
 + Level 9.1 Shields
 + Level 9.1 Unarmed Combat
 + Level 9.5 Spellcasting
 + Level 7.6 Conjurations
 + Level 9.4 Hexes
 + Level 7.6 Summonings
 + Level 7.6 Necromancy
 + Level 7.6 Translocations
 + Level 7.6 Transmutations
 + Level 7.6 Fire Magic
 + Level 7.6 Ice Magic
 + Level 7.6 Air Magic
 + Level 7.6 Earth Magic
 + Level 7.6 Poison Magic
 + Level 9.9 Invocations
 + Level 9.1 Evocations


You had 9 spell levels left.
You knew the following spells:

 Your Spells              Type           Power      Damage    Failure   Level
a - Slow                  Hex            100%       N/A       3%          1
b - Tukima's Dance        Hex            45%        N/A       4%          3
c - Inner Flame           Hex/Fire       41%        N/A       6%          3
d - Portal Projectile     Hex/Tloc       82%        N/A       6%          3
e - Dispel Undead         Necr           38%        3d16      12%         4
f - Call Canine Familiar  Summ           38%        N/A       7%          3
g - Blade Hands           Tmut           19%        N/A       21%         5

Your spell library contained the following spells:

 Spells                   Type           Power      Damage    Failure   Level
 Magic Dart               Conj           100%       1d8       4%          1
 Necrotise                Necr           100%       1d9       4%          1
 Sting                    Tmut/Pois      100%       1d8       4%          1
 Summon Small Mammal      Summ           100%       N/A       4%          1
 Call Imp                 Summ           38%        N/A       5%          2
 Poisonous Vapours        Pois/Air       76%        N/A       5%          2
 Searing Ray              Conj           76%        2d7       5%          2
 Static Discharge         Conj/Air       38%        3-8/arc   5%          2
 Summon Guardian Golem    Hex/Summ       41%        N/A       6%          3
 Ignite Poison            Fire/Tmut/Pois 38%        N/A       7%          3
 Mephitic Cloud           Conj/Pois/Air  38%        N/A       7%          3
 Vampiric Draining        Necr           38%        2d8       7%          3
 Cause Fear               Hex            22%        N/A       9%          4
 Fulminant Prism          Conj/Hex       20%        3d13      10%         4
 Hailstorm                Conj/Ice       38%        3d9       12%         4
 Ice Form                 Ice/Tmut       38%        N/A       12%         4
 Iskenderun's Mystic Bla  Conj/Tloc      38%        2d9       12%         4
 Olgreb's Toxic Radiance  Pois           38%        N/A       12%         4
 Petrify                  Tmut/Erth      38%        N/A       12%         4
 Sticky Flame             Conj/Fire      38%        2d6       12%         4
 Metabolic Englaciation   Hex/Ice        20%        N/A       17%         5
 Agony                    Necr           38%        N/A       21%         5
 Freezing Cloud           Conj/Ice/Air   19%        6-21      21%         5
 Lee's Rapid Deconstruct  Erth           19%        3d12*     21%         5
 Statue Form              Tmut/Erth      25%        N/A       56%         6
 Haunt                    Necr/Summ      19%        N/A       95%         7
 Orb of Destruction       Conj           19%        9d8       95%         7
 Spellforged Servitor     Conj/Summ      19%        N/A       95%         7
 Infestation              Necr           19%        N/A       100%        8
 Animate Dead             Necr           Unusable   N/A       N/A         4
 Simulacrum               Ice/Necr       Unusable   N/A       N/A         6

Dungeon Overview and Level Annotations

Branches:
Dungeon (11/15)            Temple (1/1) D:4            Lair (5/5) D:10
 Shoals (0/4) Lair:3        Snake (0/4) Lair:2        Slime (0/5) Lair:5
    Orc (0/2) D:11

Altars:
Ashenzari
Cheibriados
Dithmenos
Fedhas
Hepliaklqana
Kikubaaqudgha
Makhleb
Nemelex Xobeh
Okawaru
Qazlal
Sif Muna
Uskayaw
Wu Jian
Yredelemnul
The Shining One

Shops:
D:2 (   D:10 :[

Annotations:
D:7 3 runed translucent doors, exclusion: 3 doors, SensoryNuts's ghost, novice HOFi; porpoise's ghost, novice HOWr
Lair:5 1 runed translucent door


Innate Abilities, Weirdness & Mutations

You have blades for hands.
Your spellcasting is less reliable in this form.
You are incapable of wielding weapons or throwing items.
You have very sharp teeth.
Your uncanny sense of smell can sniff out nearby items.
Your experience applies equally to all skills.


Message History

Aim: an acid dragon (catching its breath, ally target) Attack!
Your hound disappears in a puff of smoke!
You swap places.
The cyan ugly thing stings your orc wizard zombie!
The cyan ugly thing shocks your orc wizard zombie!
Your orc wizard zombie is destroyed!
Your bound eight-headed hydra barely misses the cyan ugly thing.
Your bound eight-headed hydra bites the cyan ugly thing! x2
Your bound eight-headed hydra bites the cyan ugly thing.
Your bound eight-headed hydra bites the cyan ugly thing!
Your bound eight-headed hydra bites the cyan ugly thing. x2
Your bound eight-headed hydra drains the cyan ugly thing.
Your bound eight-headed hydra bites the cyan ugly thing but does no damage.
The cyan ugly thing stings your bound eight-headed hydra!
The cyan ugly thing shocks your bound eight-headed hydra!
Your bound eight-headed hydra barely misses the acid dragon.
Your bound eight-headed hydra bites the acid dragon but does no damage.
Your bound eight-headed hydra bites the acid dragon!
Your bound eight-headed hydra closely misses the acid dragon.
Your bound eight-headed hydra bites the acid dragon but does no damage. x2
Your bound eight-headed hydra barely misses the acid dragon.
Your bound eight-headed hydra bites the acid dragon.
The acid dragon bites your bound eight-headed hydra!
The acid dragon claws your bound eight-headed hydra.
Your orc wizard zombie closely misses the cyan ugly thing.
You swap places.
The cyan ugly thing misses you. The acid dragon spits acid at you.
The splash of acid hits you!!
* * * LOW HITPOINT WARNING * * *
The acid corrodes you!
You barely miss the cyan ugly thing.
The cyan ugly thing is severely wounded.
Your orc priest zombie closely misses the cyan ugly thing.
Your orc wizard zombie hits the cyan ugly thing but does no damage.
The cyan ugly thing stings you!
* * * LOW HITPOINT WARNING * * *
The cyan ugly thing shocks you!
You die...
Your body rises from the dead as a mindless zombie.

#######
#.....##+#########
#.....##....#.....
#Z..........#.....
#@Z.........#.....
......DuZ...##..).'.....
....§.>#######....##....
.............#.....#.Z##
.............#.....#..##
..###........#######Z...
. #.. #.......Z......
#.. #.......Z...##. ∆
##......#....##.


You could see a cyan ugly thing (drained), an acid dragon (catching breath, ally
target), a friendly bound eight-headed hydra, a friendly orc priest zombie and a
friendly orc wizard zombie.

Vanquished Creatures
  Gastronok (Lair:1)
  A boulder beetle (Lair:5)
  2 hydras
  A catoblepas (Lair:5)
  4 death yaks (Lair:5)
  2 oklob plants (Lair:2)
  A manticore (Lair:3)
  A cyclops (D:11)
  6 elephants (Lair:5)
  2 black mambas
  3 cane toads
  A rime drake (Lair:5)
  5 komodo dragons
  A wind drake (Lair:3)
  A blink frog (Lair:4)
  A shadow (D:11)
  A wraith (D:11)
  5 wyverns
  28 yaks
  Grum (Lair:1)
  2 basilisks
  A steam dragon (D:9)
  2 swamp worms (Lair:2)
  A naga (Lair:2)
  8 water moccasins
  2 sky beasts
  2 orc warriors
  A black bear (D:7)
  An ice beast (D:7)
  An ogre (D:4)
  3 centaurs
  12 wolves
  2 phantoms (D:5)
  11 bullfrogs
  2 necrophages
  4 scorpions
  A wight (D:7)
  4 killer bees (D:9)
  5 howler monkeys
  An electric eel (Lair:2)
  A centaur zombie (D:9)
  3 orc priests
  4 hounds
  A jelly (D:4)
  Ijyb (D:3)
  A gnoll bouda (D:5)
  9 iguanas
  Natasha (twice) (D:3)
  4 orc wizards
  4 gnolls
  5 adders
  A shadow imp (D:7)
  A white imp (D:7)
  2 ufetubi
  5 worms
  A dart slug (D:1)
  12 orcs
  5 ball pythons
  6 endoplasms
  2 giant cockroaches
  9 hobgoblins
  4 jackals (D:1)
  10 quokkas
  7 bats
  10 frilled lizards
  8 goblins
  A hobgoblin zombie (D:4)
  11 kobolds
  An orc zombie (D:9)
  6 rats
271 creatures vanquished.

Vanquished Creatures (collateral kills)
  A fire dragon (D:10)
  3 catoblepae
  3 two-headed ogres
  3 death yaks (Lair:5)
  2 manticores (Lair:5)
  A black mamba (Lair:5)
  3 elephants (Lair:5)
  Maggie (D:8)
  4 cane toads
  3 komodo dragons
  A polar bear (Lair:5)
  2 blink frogs (Lair:4)
  A wraith (D:9)
  A basilisk (Lair:2)
  8 yaks
  An acid dragon (D:10)
  A swamp drake (Lair:4)
  3 water moccasins
  A black bear (D:10)
  3 ogres
  2 phantoms
  A kobold brigand (D:9)
  2 bullfrogs
  A necrophage (D:5)
  3 wights (D:7)
  A killer bee (D:9)
  An electric eel (Lair:4)
  2 howler monkeys
  A gnoll bouda (D:10)
  An orc wizard (D:4)
  8 iguanas (Lair:4)
  An adder (D:6)
  7 gnolls
  An ufetubus (D:6)
  A dart slug (D:4)
  5 orcs
  An endoplasm (D:4)
  A goblin (D:4)
  A bat (D:3)
  5 frilled lizards (Lair:4)
  A kobold (D:4)
  A bush (Lair:5)
94 creatures vanquished.

Vanquished Creatures (others)
  A death yak zombie (Lair:5)
  2 black mamba zombies
  4 dancing weapons
  A cane toad zombie (Lair:4)
  2 blink frog zombies (Lair:4)
  A rime drake zombie (Lair:5)
  A water moccasin zombie (Lair:2)
  2 yak zombies
  A wolf zombie (Lair:2)
  A centaur zombie (D:5)
  4 bullfrog zombies
  A basilisk zombie (Lair:2)
  A killer bee zombie (D:9)
  An ogre zombie (D:8)
  4 hound zombies
  3 howler monkey zombies
  2 spectral electric eels
  A swamp drake zombie (Lair:4)
  3 iguana zombies
  A dart slug zombie (D:4)
  An endoplasm zombie (D:4)
  2 frilled lizards (Lair:4)
  5 frilled lizard zombies (Lair:4)
  4 gnoll zombies
  2 kobold zombies (D:4)
  7 orc zombies
  53 fungi
  61 plants
  6 withered plants (D:7)
178 creatures vanquished.

Grand Total: 543 creatures vanquished

Notes
Turn   | Place    | Note
-------+----------+-------------------------------------------
     0 | D:1      | lmSkywalker the Gnoll Arcane Marksman began the quest for
                  | the Orb.
     0 | D:1      | Reached XP level 1. HP: 17/17 MP: 4/4
   183 | D:1      | Reached XP level 2. HP: 22/23 MP: 5/5
   250 | D:1      | Found a faded altar of an unknown god.
   427 | D:1      | Reached XP level 3. HP: 28/28 MP: 7/7
   979 | D:2      | Found Goimey's Weapon Boutique.
  1000 | D:2      | Reached skill level 1 in Invocations
  1354 | D:2      | Reached skill level 1 in Short Blades
  1354 | D:2      | Reached skill level 1 in Long Blades
  1354 | D:2      | Reached skill level 1 in Axes
  1354 | D:2      | Reached skill level 1 in Maces & Flails
  1354 | D:2      | Reached skill level 1 in Polearms
  1354 | D:2      | Reached skill level 1 in Staves
  1354 | D:2      | Reached skill level 1 in Throwing
  1354 | D:2      | Reached skill level 1 in Armour
  1354 | D:2      | Reached skill level 1 in Stealth
  1354 | D:2      | Reached skill level 1 in Shields
  1354 | D:2      | Reached skill level 1 in Unarmed Combat
  1354 | D:2      | Reached skill level 1 in Evocations
  1512 | D:2      | Reached XP level 4. HP: 34/34 MP: 8/8
  1810 | D:3      | Learned a level 3 spell: Tukima's Dance
  1817 | D:3      | Noticed Natasha
  1831 | D:3      | Killed Natasha
  1832 | D:3      | Reached skill level 1 in Conjurations
  1832 | D:3      | Reached skill level 1 in Summonings
  1832 | D:3      | Reached skill level 1 in Necromancy
  1832 | D:3      | Reached skill level 1 in Translocations
  1832 | D:3      | Reached skill level 1 in Transmutations
  1832 | D:3      | Reached skill level 1 in Fire Magic
  1832 | D:3      | Reached skill level 1 in Ice Magic
  1832 | D:3      | Reached skill level 1 in Air Magic
  1832 | D:3      | Reached skill level 1 in Earth Magic
  1832 | D:3      | Reached skill level 1 in Poison Magic
  2236 | D:3      | Reached XP level 5. HP: 37/40 MP: 9/9
  2484 | D:3      | Found a sparkling altar of Nemelex Xobeh.
  2573 | D:3      | Noticed Ijyb
  2579 | D:3      | Paralysed by Ijyb for 5 turns
  2593 | D:3      | Killed Ijyb
  2854 | D:4      | Noticed an ogre
  2865 | D:4      | Killed an ogre
  2866 | D:4      | Reached skill level 5 in Ranged Weapons
  2866 | D:4      | Reached skill level 5 in Dodging
  2866 | D:4      | Reached XP level 6. HP: 36/47 MP: 2/11
  3032 | D:3      | Noticed Natasha
  3040 | D:3      | Killed Natasha
  3127 | D:4      | Found a staircase to the Ecumenical Temple.
  3143 | Temple   | Entered the Ecumenical Temple
  3153 | Temple   | Became a worshipper of Yredelemnul the Dark
  3202 | D:4      | Reached * piety under Yredelemnul
  3238 | D:4      | Reached ** piety under Yredelemnul
  3282 | D:4      | Reached XP level 7. HP: 50/52 MP: 12/12
  3943 | D:4      | Learned a level 3 spell: Inner Flame
  3947 | D:4      | Learned a level 3 spell: Portal Projectile
  4169 | D:5      | Entered Level 5 of the Dungeon
  4185 | D:5      | Reached XP level 8. HP: 55/60 MP: 7/14
  4790 | D:5      | Found a snail-covered altar of Cheibriados.
  5784 | D:6      | Reached XP level 9. HP: 62/66 MP: 16/16
  6052 | D:7      | Found a runed translucent gate.
  6053 | D:7      | Found a runed translucent gate.
  6053 | D:7      | Found a runed translucent gate.
  6054 | D:7      | Noticed SensoryNuts's ghost (novice HOFi)
  6054 | D:7      | Noticed porpoise's ghost (novice HOWr)
  6074 | D:7      | Reached skill level 5 in Spellcasting
  6175 | D:7      | Found a shadowy altar of Dithmenos.
  6310 | D:7      | Reached skill level 5 in Fighting
  6832 | D:7      | Learned a level 4 spell: Dispel Undead
  6964 | D:7      | Found a broken altar of Ashenzari.
  7804 | D:8      | Reached skill level 5 in Invocations
  8753 | D:8      | Noticed Maggie
  8771 | D:8      | Killed Maggie
  8772 | D:8      | Reached skill level 5 in Short Blades
  8772 | D:8      | Reached skill level 5 in Long Blades
  8772 | D:8      | Reached skill level 5 in Axes
  8772 | D:8      | Reached skill level 5 in Maces & Flails
  8772 | D:8      | Reached skill level 5 in Polearms
  8772 | D:8      | Reached skill level 5 in Staves
  8772 | D:8      | Reached skill level 5 in Throwing
  8772 | D:8      | Reached skill level 5 in Armour
  8772 | D:8      | Reached skill level 5 in Stealth
  8772 | D:8      | Reached skill level 5 in Shields
  8772 | D:8      | Reached skill level 5 in Unarmed Combat
  8772 | D:8      | Reached skill level 5 in Evocations
  8772 | D:8      | Reached XP level 10. HP: 75/76 MP: 6/18
  8912 | D:8      | Noticed a two-headed ogre
  8925 | D:8      | Killed a two-headed ogre
  9272 | D:8      | Found an ancient bone altar of Kikubaaqudgha.
  9276 | D:8      | Found a shimmering blue altar of Sif Muna.
  9347 | D:8      | Found a glowing golden altar of the Shining One.
  9421 | D:8      | Found a burning altar of Makhleb.
 10342 | D:10     | Entered Level 10 of the Dungeon
 11163 | D:9      | Found a transporter.
 11644 | D:10     | Found Kokyleex's Book Boutique.
 11729 | D:10     | Noticed a fire dragon
 11752 | D:10     | Killed a fire dragon
 11798 | D:10     | Found a staircase to the Lair.
 11936 | D:10     | Learned a level 3 spell: Call Canine Familiar
 11938 | D:10     | Found a blossoming altar of Fedhas.
 12007 | D:10     | Noticed a two-headed ogre
 12013 | D:10     | Killed a two-headed ogre
 12014 | D:10     | Reached skill level 5 in Conjurations
 12014 | D:10     | Reached skill level 5 in Summonings
 12014 | D:10     | Reached skill level 5 in Necromancy
 12014 | D:10     | Reached skill level 5 in Translocations
 12014 | D:10     | Reached skill level 5 in Transmutations
 12014 | D:10     | Reached skill level 5 in Fire Magic
 12014 | D:10     | Reached skill level 5 in Ice Magic
 12014 | D:10     | Reached skill level 5 in Air Magic
 12014 | D:10     | Reached skill level 5 in Earth Magic
 12014 | D:10     | Reached skill level 5 in Poison Magic
 12014 | D:10     | Reached XP level 11. HP: 78/83 MP: 12/21
 12138 | D:10     | Noticed a two-headed ogre
 12145 | D:10     | Killed a two-headed ogre
 12363 | D:10     | Found Rifaabi's Superior Scales.
 12567 | D:10     | Reached *** piety under Yredelemnul
 13120 | Lair:1   | Entered Level 1 of the Lair of Beasts
 13121 | Lair:1   | Noticed Gastronok
 13633 | D:10     | Learned a level 5 spell: Blade Hands
 13990 | Lair:1   | Killed Gastronok
 14742 | Lair:1   | Noticed Grum
 15771 | Lair:1   | Reached **** piety under Yredelemnul
 16437 | Lair:1   | Killed Grum
 17154 | Lair:2   | Found a staircase to the Snake Pit.
 17322 | Lair:2   | Upgraded the game from 0.30-a0-6-g7c9e10e132 to
                  | 0.30-a0-12-gd8047c6341
 17416 | Lair:2   | Reached XP level 12. HP: 73/91 MP: 9/23
 17963 | Lair:2   | Found a blossoming altar of Fedhas.
 19176 | Lair:3   | Found a staircase to the Shoals.
 19602 | Lair:3   | Noticed a four-headed hydra
 19613 | Lair:3   | Killed a seven-headed hydra
 19830 | Lair:3   | Reached ***** piety under Yredelemnul
 20562 | Lair:4   | Noticed a catoblepas
 20575 | Lair:4   | Killed a catoblepas
 20894 | Lair:4   | Noticed a four-headed hydra
 20903 | Lair:4   | Killed a seven-headed hydra
 20903 | Lair:4   | Enslaved a seven-headed hydra
 21038 | Lair:4   | Noticed a five-headed hydra
 21043 | Lair:4   | Killed a five-headed hydra
 21107 | Lair:4   | Reached ****** piety under Yredelemnul
 22121 | Lair:5   | Entered Level 5 of the Lair of Beasts
 22139 | Lair:5   | Reached XP level 13. HP: 99/99 MP: 17/25
 22880 | Lair:5   | Found a runed translucent door.
 22881 | Lair:5   | Noticed an acid blob
 23157 | Lair:5   | Noticed an acid blob
 23158 | Lair:5   | Found a staircase to the Slime Pits.
 23744 | Lair:5   | Reached skill level 10 in Ranged Weapons
 23744 | Lair:5   | Reached skill level 10 in Dodging
 24660 | D:11     | Found a staircase to the Orcish Mines.
 24700 | D:11     | Mangled by a cyan ugly thing

Illustrated notes

Levels and vault maps discovered:
D:1:      nicolae_arrival_somewhat_less_tricky_arrival, layout_loops_ring,
          hellmonk_ecumenical_altar_crossroads, minmay_splitting_lines
D:2:      layout_basic, serial_shops, nicolae_shop_bloodbath_and_beyond
D:3:      minmay_recursive_quarters, layout_loops_cross,
          nemelex_diamond_rough_becter, uniq_natasha, uniq_ijyb
D:4:      layout_cave_pools, minmay_temple_entry_offerings, dreamdust_gnoll_farm
D:5:      layout_cave_pools, kennysheep_mini_moat, minivault_27
D:6:      layout_gridville
D:7:      layout_layer_cave, mainiacjoe_overflow_tiny_flanked,
          marbit_many_paths, gammafunk_ghost_cemetery, hangedman_glass_teeth
D:8:      layout_cave_pools, pf_just_have_faith, nicolae_overflow_hidden_temple,
          serial_co_window_serial, co_window_paths_a,
          co_window_of_opportunity_a, co_window_paths_b, co_window_paths_a,
          co_window_corner_a, co_window_corner_b, co_window_cross_3,
          co_window_unsneaky_path_c, co_window_paths_c, glass_columns_b,
          glass_columns_a, glass_columns_a, grunt_ogre_cave, uniq_maggie
D:9:      minmay_spotlight, layout_basic, chequers_garden, minmay_misc_feat_x,
          hex_intersection, nicolae_diode_basic
D:10:     dragon1_lemuel, layout_gridville, lemuel_doored_altar,
          grunt_lair_entry_orc_guard_hut, serial_shops,
          nicolae_shop_statue_plus, hellmonk_scale_shop
D:11:     layout_stronghold, orc_0_dummy
Temple:   dshaligram_water_room_temple
Lair:1:   layout_cave_pods, uniq_gastronok, uniq_grum
Lair:2:   layout_loops_ring, guppyfry_snake_entry_island, hangedman_tree_tricks,
          worms_lemuel, grunt_megastairs_2, infiniplex_staircase_pool
Lair:3:   layout_gridlike, minmay_shoals_entry_beasts, serial_bayou_shore_b,
          grunt_megastairs_3
Lair:4:   lemuel_reptile_caves, layout_gridlike
Lair:5:   evilmike_catoblepas_cave, layout_concentric_octagons, slime_entry_2,
          enter_volcano_4, chequers_serial_rivers_micro_b, grunt_megastairs_1

Skill      XL: |  1  2  3  4  5  6  7  8  9 10 11 12 13 |
---------------+----------------------------------------+-----
Invocations    | 1 2 3 4 5 6 7 8 9 |  9.9
Short Blades   | 1 2 3 5 6 7 8 9 |  9.1
Long Blades    | 1 2 3 5 6 7 8 9 |  9.1
Axes           | 1 2 3 5 6 7 8 9 |  9.1
Maces & Flails | 1 2 3 5 6 7 8 9 |  9.1
Polearms       | 1 2 3 5 6 7 8 9 |  9.1
Staves         | 1 2 3 5 6 7 8 9 |  9.1
Throwing       | 1 2 3 5 6 7 8 9 |  9.1
Armour         | 1 2 3 5 6 7 8 9 |  9.1
Stealth        | 1 2 3 5 6 7 8 9 |  9.1
Shields        | 1 2 3 5 6 7 8 9 |  9.1
Unarmed Combat | 1 2 3 5 6 7 8 9 |  9.1
Evocations     | 1 2 3 5 6 7 8 9 |  9.1
Spellcasting   | 3 4 5 6 7 8 9 |  9.5
Conjurations   | 1 2 3 4 5 6 7 |  7.6
Summonings     | 1 2 3 4 5 6 7 |  7.6
Necromancy     | 1 2 3 4 5 6 7 |  7.6
Translocations | 1 2 3 4 5 6 7 |  7.6
Transmutations | 1 2 3 4 5 6 7 |  7.6
Fire Magic     | 1 2 3 4 5 6 7 |  7.6
Ice Magic      | 1 2 3 4 5 6 7 |  7.6
Air Magic      | 1 2 3 4 5 6 7 |  7.6
Earth Magic    | 1 2 3 4 5 6 7 |  7.6
Poison Magic   | 1 2 3 4 5 6 7 |  7.6
Fighting       | 3 4 5 6 7 8 9 |  9.5
Ranged Weapons | 5 6 7 8 9 10 | 10.2
Dodging        | 5 6 7 8 9 10 | 10.2
Hexes          | 6 7 8 9 |  9.4

Action                   |  1- 3 |  4- 6 |  7- 9 | 10-12 | 13-15 || total
-------------------------+-------+-------+-------+-------+-------++-------
Melee: Dagger            |    14 |    94 |    52 |       |       ||   160
       Punch             |     1 |     3 |    12 |    16 |    11 ||    43
       Bite              |       |     8 |    45 |    47 |    18 ||   118
       Whip              |       |       |   161 |       |       ||   161
       Trident           |       |       |    98 |   202 |     3 ||   303
       Unarmed           |       |       |       |   172 |   121 ||   293
       Sling             |       |       |       |     2 |       ||     2
 Fire: Sling             |   119 |    75 |    69 |   131 |    20 ||   414
Throw: Dart              |       |       |     2 |     2 |       ||     4
 Cast: Slow              |     3 |     9 |    16 |    15 |       ||    43
       Tukima's Dance    |       |     3 |    20 |     9 |       ||    32
       Portal Projectile |       |       |     1 |    28 |     2 ||    31
       Inner Flame       |       |       |       |     9 |       ||     9
       Dispel Undead     |       |       |       |     2 |       ||     2
       Call Canine Famil |       |       |       |    28 |    14 ||    42
       Blade Hands       |       |       |       |    34 |    18 ||    52
Invok: Recall Undead Har |       |       |     1 |     2 |     4 ||     7
       Dark Bargain      |       |       |       |     3 |       ||     3
       Bind Soul         |       |       |       |     1 |       ||     1
Evoke: Wand              |       |       |       |     7 |       ||     7
  Use: Scroll            |       |       |     7 |    11 |     1 ||    19
       Potion            |       |       |     4 |     1 |       ||     5
 Stab: Distracted        |       |       |     4 |     5 |     2 ||    11
       Sleeping          |       |       |     4 |     5 |       ||     9
       Paralysed         |       |       |       |    15 |       ||    15
Armor: Ring mail         |     7 |       |       |       |       ||     7
       Leather armour    |    11 |    35 |    69 |    72 |    30 ||   217
Dodge: Dodged            |    40 |    83 |   176 |   207 |    61 ||   567
Block: Other             |       |    14 |    70 |    52 |    25 ||   161
       Reflection        |       |     1 |     2 |       |       ||     3

Table legend: (Time is in decaauts)
 A = Elapsed time spent in this place.
 B = Non-inter-level travel time spent in this place.
 C = Inter-level travel time spent in this place.
 D = Time resting spent in this place.
 E = Time spent auto-exploring this place.
 F = Levels seen in this place.
 G = Mean time per level.
                   A        B        C        D        E       F      G
               +--------+--------+--------+--------+--------+-----+--------+
         Total |  24742 |  23529 |   1213 |   9075 |   6495 |  17 | 1455.4 |
       Dungeon |  14118 |  13529 |    589 |   4045 |   5084 |  11 | 1283.5 |
        Temple |     19 |     11 |      8 |      0 |      0 |   1 |   19.0 |
          Lair |  10604 |   9988 |    616 |   5030 |   1411 |   5 | 2120.8 |
               +--------+--------+--------+--------+--------+-----+--------+

Top non-repeatable levels by time:
  Lair:1: 2804 daAuts
    D:10: 2528 daAuts
     D:7: 2391 daAuts
  Lair:5: 2272 daAuts
  Lair:2: 2200 daAuts
  Lair:4: 1900 daAuts
     D:9: 1512 daAuts
     D:8: 1479 daAuts
  Lair:3: 1426 daAuts
     D:3: 1188 daAuts
     D:4: 1128 daAuts
     D:6: 1111 daAuts
     D:1: 952 daAuts
     D:2: 897 daAuts
     D:5: 751 daAuts
